Map: Vigía EE

Players

MrFercho - Winner!

  • Race: Zerg Zerg
  • League: Silver
  • Spawn Location: 5:00

tigro - Winner!

  • Race: Terran Terran
  • League: Bronze
  • Spawn Location: 6:00

TATORREA - Winner!

  • Race: Protoss Protoss
  • League: Gold
  • Spawn Location: 5:00

Medratuz

  • Race: Terran Terran
  • Spawn Location: 12:00

Asaru

  • Race: Terran Terran
  • Spawn Location: 9:00

Tiranus

  • Race: Terran Terran
  • Spawn Location: 9:00

VOD

Have the link to the VOD?

Description

Time

  • Played on: July 3, 2020, 10:57 p.m.
  • Length: 15:19
Show
View Real Time Build Order
Export as new Build Order

MrFercho Zerg - Winner!

Build Orders: Pool First, Zergling Baneling 

Get SALT Encoding   

  12  0:01  Drone  
  13  0:15  Overlord  
  13  0:18  Drone  
  14  0:31  Extractor  
  14  0:32  Drone  
  14  0:33  Drone  
  15  0:40  Drone  
  16  0:52  Spawning Pool  
  16  0:53  Drone  
  16  1:00  Drone  
  17  1:09  Drone  
  18  1:20  Drone  
  19  1:34  Drone  
  19  1:35  Hatchery  
  19  1:41  Metabolic Boost  
  19  1:45  Zergling x2  
  20  1:55  Queen  
  22  2:02  Overlord  
  22  2:11  Extractor, Drone  
  22  2:28  Zergling x4  
  24  2:33  Lair  
  24  2:39  Baneling Nest, Drone  
  24  2:45  Drone  
  25  2:51  Zergling x2  
  25  2:56  Drone  
  25  2:57  Drone  
  28  3:03  Drone x2  
  28  3:04  Drone  
  31  3:11  Zergling x4  
  33  3:21  Zergling x2  
  33  3:22  Zergling x2  
  35  3:32  Evolution Chamber  
  34  3:34  Evolution Chamber  
  34  3:35  Centrifical Hooks  
  34  3:39  Zergling x2  
  34  3:46  Zergling x2  
  34  3:47  Zergling x2  
  36  3:59  Overlord x2  
  35  4:39  Zergling x16  
  35  4:43  Baneling x9  
  41  5:06  Zergling x2  
  41  5:07  Zergling x8  
  46  5:23  Baneling x4  
  46  5:24  Baneling  
  30  6:01  Zergling x12  
  31  6:18  Zergling x4  
  33  6:26  Zerg Melee Weapons Level 1, Zerg Ground Armor Level 1  
  33  6:33  Hatchery  
  33  6:34  Baneling  
  33  6:35  Baneling x11  
  32  6:45  Zergling x8  
  36  6:56  Zergling x2  
  36  6:57  Zergling x4  
  27  7:37  Nydus Network  
  27  7:40  Overlord x4  
  26  7:44  Overseer  
  26  7:51  Pneumatized Carapace  
  26  7:54  Drone x2  
  26  7:58  Drone  
  29  8:02  Drone  
  30  8:16  Infestation Pit  
  29  8:25  Drone x2  
  31  8:27  Hydralisk Den  
  30  8:53  Baneling x2  
  30  8:54  Baneling x4  
  30  9:04  Hydralisk x4  
  38  9:13  Zerg Melee Weapons Level 2  
  38  9:47  Zergling x26  
  51  10:01  Overseer  
  51  10:08  Drone x6  
  51  10:12  Drone  
  51  10:13  Drone  
  59  10:16  Extractor  
  59  10:19  Extractor  
  57  11:13  Drone x4  
  57  11:14  Drone x5  
  66  11:38  Hatchery  
  65  11:43  Hydralisk x5  
  65  11:44  Hydralisk  
  77  12:17  Nydus Canal  
  77  12:58  Nydus Canal  
  77  13:18  Overlord x4  
  77  13:19  Overlord x4  
  41  13:51  Drone x4  
  41  13:52  Drone x4  
  49  13:56  Drone x4  
  49  13:57  Queen  
  55  14:14  Spire  
  54  14:36  Extractor  
  54  14:37  Extractor  
  52  15:12  Hatchery  
Show
View Real Time Build Order
Export as new Build Order

tigro Terran - Winner!

Build Orders:  

Get SALT Encoding   

  12  0:02  SCV  
  13  0:14  SCV  
  14  0:28  SCV  
  15  0:35  Supply Depot  
  15  0:45  Refinery  
  15  0:57  SCV  
  15  1:00  Barracks  
  16  1:09  SCV  
  17  1:16  Refinery  
  17  1:21  SCV  
  18  1:33  SCV  
  19  1:45  SCV  
  20  1:49  Marine  
  20  1:52  Supply Depot  
  21  1:57  SCV  
  22  2:02  Barracks  
  22  2:07  Marine  
  23  2:14  SCV  
  24  2:24  Marine  
  24  2:26  SCV  
  26  2:42  Marine  
  26  2:43  Orbital Command  
  27  2:50  Engineering Bay  
  27  2:52  Factory  
  27  3:00  Barracks Reactor, Marine  
  28  3:33  Barracks Tech Lab  
  28  3:46  Factory Tech Lab  
  28  3:57  Starport, Terran Infantry Weapons Level 1  
  28  3:59  Combat Shield  
  28  4:07  Marine x3  
  31  4:25  Marine x3  
  31  4:26  Siege Tank  
  37  4:35  Starport  
  37  4:43  Marine x2  
  39  4:53  Marine  
  39  4:54  Medivac  
  42  5:18  Stimpack  
  42  5:23  Command Center  
  42  5:38  Marine x3  
  45  5:51  Terran Infantry Armor Level 1  
  45  5:55  Marine  
  45  5:56  Marine  
  47  6:03  Marine  
  31  6:13  Marine  
  31  6:14  Marine  
  33  6:21  Marine  
  33  6:23  Siege Tank  
  37  6:31  Marine x2  
  39  6:35  SCV  
  39  6:36  Refinery  
  39  6:38  Marine  
  41  6:47  SCV  
  41  6:49  Marine x2  
  44  6:55  Siege Tank  
  44  6:56  Marine  
  44  6:59  SCV  
  49  7:07  Marine x2  
  51  7:11  SCV  
  51  7:14  Refinery  
  52  7:23  SCV  
  52  7:25  Marine  
  54  7:35  SCV  
  55  7:47  SCV  
  54  7:59  SCV  
  46  8:18  Medivac  
  48  8:23  Starport Tech Lab  
  48  8:44  Fusion Core  
  36  9:21  Marine x3  
  36  9:38  Marine  
  36  9:39  Marine x2  
  39  9:46  Command Center  
  39  9:48  Weapon Refit  
  39  9:49  Armory  
  39  9:53  Starport Tech Lab  
  39  9:55  Medivac  
  39  9:56  Marine x3  
  44  10:14  Marine x3  
  47  10:25  Battlecruiser  
  53  10:29  Refinery  
  53  10:32  Marine x3  
  56  10:36  Supply Depot  
  56  10:50  Marine x3  
  56  10:51  SCV  
  60  10:58  Supply Depot  
  60  10:59  Refinery  
  60  11:03  SCV  
  61  11:08  Marine  
  62  11:15  SCV  
  62  11:16  SCV  
  64  11:20  Supply Depot  
  70  11:27  SCV  
  70  11:28  SCV  
  70  11:29  Rapid Reignition System, Battlecruiser  
  70  11:30  Battlecruiser  
  84  11:39  SCV  
  85  11:40  SCV  
  85  11:43  Siege Tank  
  85  11:44  Supply Depot  
  83  11:53  SCV  
  84  12:05  SCV  
  85  12:08  Terran Infantry Weapons Level 2  
  85  12:15  Siege Tank  
  85  12:17  SCV  
  89  12:28  Missile Turret  
  89  12:29  SCV  
  90  12:34  Battlecruiser  
  96  12:41  SCV  
  97  12:48  Missile Turret, Siege Tank  
  100  13:11  Marine x2  
  100  13:12  Marine  
  103  13:20  Siege Tank  
  103  13:22  Missile Turret  
  106  13:29  Marine x3  
  102  13:45  Missile Turret  
  102  13:47  Marine x3  
  98  14:05  Marine x3  
  98  14:06  Missile Turret  
  86  14:22  Marine  
  86  14:23  Marine x2  
  79  14:29  Missile Turret  
  77  14:41  Marine  
  78  14:53  Missile Turret  
  78  15:15  Missile Turret  
Show
View Real Time Build Order
Export as new Build Order

TATORREA Protoss - Winner!

Build Orders: 1 Gate Expand 

Get SALT Encoding   

  12  0:01  Probe  
  13  0:13  Probe  
  14  0:28  Probe  
  15  0:36  Pylon  
  15  0:54  Probe  
  15  0:56  Gateway  
  16  1:06  Probe  
  17  1:18  Probe  
  17  1:30  Probe  
  17  1:32  Nexus  
  18  1:42  Probe  
  19  1:48  Assimilator  
  19  1:52  Pylon  
  19  2:01  Probe  
  19  2:02  Cybernetics Core  
  19  2:03  Gateway  
  20  2:13  Probe  
  21  2:25  Probe  
  22  2:30  Assimilator  
  22  2:35  Gateway  
  22  2:38  Probe  
  23  2:44  Probe  
  24  3:00  Probe x2  
  24  3:01  Gateway  
  26  3:07  Warp Gate  
  26  3:09  Stalker  
  26  3:12  Stalker  
  30  3:18  Probe x2  
  32  3:25  Stalker  
  34  3:30  Probe x2  
  36  3:46  Robotics Facility  
  36  3:47  Gateway  
  36  3:49  Gateway, Probe x2  
  38  4:01  Probe x2  
  40  4:21  Probe x2  
  42  4:37  Nexus  
  42  4:39  Probe x2  
  42  4:40  Pylon  
  42  4:43  Pylon  
  44  4:47  Observer  
  44  4:51  Pylon, Probe  
  46  4:55  Assimilator  
  46  4:58  Assimilator, Probe  
  47  5:06  Probe  
  48  5:08  Immortal  
  48  5:11  Probe  
  53  5:18  Probe  
  54  5:23  Probe  
  54  5:25  Stalker x2  
  54  5:26  Stalker x3  
  54  5:28  Sentry  
  67  5:30  Probe  
  68  5:39  Probe  
  68  5:42  Probe  
  74  5:50  Immortal  
  74  5:51  Probe  
  74  5:52  Stalker  
  74  5:54  Sentry, Probe  
  74  5:57  Stalker  
  82  5:59  Stalker  
  82  6:01  Probe  
  85  6:16  Pylon  
  85  6:19  Pylon  
  85  6:21  Probe x2  
  85  6:22  Probe  
  85  6:24  Pylon  
  80  6:33  Probe  
  65  6:46  Stalker x4  
  65  6:47  Stalker x2  
  75  6:49  Probe x3  
  80  6:54  Assimilator  
  80  6:58  Assimilator  
  80  7:10  Probe x3  
  83  7:15  Stalker  
  83  7:16  Stalker x2  
  83  7:19  Nexus  
  83  7:22  Pylon, Probe x3  
  92  7:25  Pylon  
  92  7:39  Forge x2, Probe x3  
  92  7:41  Forge  
  92  7:42  Twilight Council  
  95  7:48  Immortal  
  99  7:51  Probe x2  
  99  7:52  Probe  
  102  8:03  Probe  
  102  8:04  Probe x2  
  105  8:16  Probe x3  
  108  8:21  Pylon x2  
  108  8:24  Pylon  
  108  8:27  Pylon  
  108  8:31  Gateway, Protoss Ground Weapons Level 1  
  108  8:32  Protoss Ground Armor Level 1, Protoss Shields Level 1  
  108  8:33  Gateway  
  108  8:37  Gateway x2, Blink  
  108  8:40  Gateway  
  108  8:41  Probe x2  
  110  8:42  Probe  
  110  8:43  Probe  
  112  8:55  Pylon  
  112  8:58  Nexus  
  112  9:00  Pylon  
  112  9:03  Stalker  
  112  9:04  Stalker x3  
  112  9:07  Probe x2  
  122  9:26  Assimilator  
  122  9:28  Assimilator, Pylon  
  122  9:35  Pylon  
  122  9:37  Pylon  
  122  9:40  Pylon  
  122  9:47  Pylon  
  122  9:50  Stargate  
  122  9:51  Stargate  
  122  9:53  Stargate  
  122  9:57  Stargate  
  122  9:59  Cybernetics Core  
  122  10:03  Protoss Ground Armor Level 2, Protoss Ground Weapons Level 2  
  122  10:14  Protoss Shields Level 2  
  122  10:16  Gateway  
  122  10:18  Gateway  
  122  10:19  Stalker  
  122  10:20  Stalker x5, Charge  
  122  10:21  Stalker x3, Gateway  
  138  10:22  Stalker  
  138  10:23  Stalker  
  138  10:24  Gateway  
  138  10:26  Gateway  
  138  10:27  Immortal  
  148  10:45  Fleet Beacon  
  148  10:52  Protoss Air Weapons Level 1  
  148  10:55  Protoss Air Armor Level 1  
  148  11:06  Observer  
  149  11:12  Stalker  
  149  11:13  Stalker x2  
  149  11:14  Stalker x2  
  149  11:15  Stalker  
  149  11:16  Stalker x2  
  149  11:17  Stalker x4  
  173  11:26  Robotics Bay  
  173  11:44  Zealot  
  173  11:45  Zealot x3  
  173  11:46  Zealot x3  
  187  11:47  Zealot x2  
  187  11:48  Zealot  
  187  11:49  Zealot x2  
  187  11:50  Zealot  
  155  13:01  Stalker x4  
  155  13:02  Stalker x4  
  155  13:03  Stalker x5  
  155  13:04  Stalker x3  
  163  13:12  Assimilator  
  139  13:16  Assimilator  
  113  13:27  Zealot x2  
  113  13:28  Zealot x4  
  113  13:29  Zealot x4  
  113  13:30  Zealot x5  
  113  13:31  Zealot  
  145  13:37  Gravitic Boosters  
  145  13:49  Colossus  
  151  14:02  Stalker  
  151  14:03  Stalker x3  
  151  14:04  Stalker x2  
  151  14:05  Stalker x2  
  151  14:06  Zealot x3  
  151  14:07  Zealot x4  
  169  14:44  Observer  
  152  15:03  Stalker x2  
  152  15:04  Stalker x5  
  152  15:05  Stalker x3  
  152  15:06  Stalker x4  
  180  15:07  Stalker x2  
Show
View Real Time Build Order
Export as new Build Order

Medratuz Terran 

Build Orders:  

Get SALT Encoding   

  12  0:08  SCV  
  13  0:21  SCV  
  14  0:33  SCV  
  15  0:39  Supply Depot  
  15  0:45  Refinery  
  15  0:51  Refinery  
  15  1:00  SCV  
  16  1:13  SCV  
  17  1:22  Engineering Bay  
  17  1:23  Barracks  
  17  1:26  SCV  
  18  1:38  SCV  
  19  1:50  SCV  
  20  2:00  Supply Depot  
  20  2:15  Factory  
  20  2:16  Marine  
  20  2:22  Supply Depot  
  21  2:34  Marine  
  22  2:52  Marine  
  22  2:53  Command Center  
  23  3:10  Marine  
  23  3:11  Supply Depot  
  24  3:29  Factory Tech Lab  
  24  3:35  Supply Depot  
  24  3:36  Barracks Reactor  
  24  3:41  Orbital Command  
  24  3:53  Siege Tank  
  27  4:19  Sensor Tower  
  27  4:21  Refinery  
  27  4:23  SCV  
  28  4:25  Siege Tank  
  31  4:35  SCV  
  32  4:46  Refinery  
  32  5:17  Starport  
  32  5:38  Siege Tank  
  32  5:41  Marine x2  
  37  5:59  Marine x2  
  39  6:10  Siege Tank  
  42  6:15  Starport Tech Lab  
  42  6:16  Marine  
  43  6:42  Siege Tank  
  46  6:48  Bunker  
  46  7:07  Viking  
  48  7:14  Siege Tank  
  51  7:37  Viking  
  53  7:54  Bunker  
  53  8:07  Viking  
  55  8:22  Siege Tank  
  55  8:24  Bunker, Marine x2  
  60  8:37  Viking  
  62  9:09  Missile Turret  
  62  9:30  Missile Turret  
  62  9:49  Missile Turret  
  62  10:17  Supply Depot  
  62  10:38  Viking, Marine x2, Siege Tank  
  62  10:40  Supply Depot  
  69  10:53  Armory  
  69  10:56  Marine  
  70  11:06  Supply Depot  
  70  11:09  Raven  
  70  11:10  Siege Tank  
  75  11:15  Reaper x2  
  77  11:21  Terran Infantry Armor Level 1  
  77  11:28  Mag-Field Accelerator  
  77  11:29  Supply Depot  
  77  11:47  Reaper x2  
  77  11:48  Fusion Core  
  77  11:52  Raven  
  81  11:55  Supply Depot  
  81  12:19  Reaper x2  
  83  12:51  Reaper  
  68  13:15  Neosteel Armor  
  52  13:53  Starport  
  52  14:36  Viking  
  53  15:03  Starport Tech Lab  
Show
View Real Time Build Order
Export as new Build Order

Asaru Terran 

Build Orders:  

Get SALT Encoding   

  12  0:02  SCV  
  13  0:20  SCV  
  14  0:32  SCV  
  14  0:33  Supply Depot  
  15  0:55  SCV  
  16  0:58  Engineering Bay  
  16  1:07  Barracks  
  16  1:32  Barracks  
  16  1:38  Refinery  
  16  1:44  Refinery  
  16  1:47  SCV  
  17  1:59  SCV  
  18  2:06  Command Center  
  18  2:15  Barracks  
  18  2:37  SCV  
  18  2:41  Marine  
  20  2:49  SCV  
  21  2:59  Marine  
  21  3:04  Factory  
  22  3:12  Marine  
  22  3:13  Refinery  
  24  3:23  SCV  
  25  3:30  Marine  
  25  3:31  Barracks Reactor  
  25  3:35  SCV  
  26  3:48  Marine  
  26  3:50  SCV  
  28  3:56  SCV  
  28  4:00  Factory Tech Lab  
  30  4:02  SCV  
  30  4:06  Marine  
  30  4:08  SCV  
  32  4:11  Marine x2  
  34  4:21  SCV  
  35  4:24  Barracks Tech Lab  
  35  4:29  Marine x2  
  37  4:39  Refinery  
  37  4:47  Marine  
  38  4:52  Orbital Command  
  38  5:13  Supply Depot  
  38  5:34  Marine x2  
  38  5:35  Marauder, Supply Depot, Siege Tank  
  45  5:40  Supply Depot  
  46  5:42  SCV  
  46  5:57  Marauder, SCV x2  
  50  6:07  Siege Tank  
  50  6:09  SCV  
  54  6:21  SCV  
  54  6:54  Bunker  
  54  7:05  Supply Depot  
  54  7:27  SCV  
  54  7:28  Supply Depot  
  55  7:31  Starport  
  55  7:36  Starport  
  55  7:39  SCV  
  56  7:51  Starport, SCV  
  57  7:59  Armory  
  57  8:00  Supply Depot  
  57  8:03  SCV  
  58  8:11  Marauder  
  60  8:13  Marine x2  
  60  8:15  SCV  
  60  8:17  Neosteel Armor  
  63  8:27  Starport Reactor  
  63  8:31  Marine x2  
  63  8:32  Marauder  
  67  8:37  Starport Tech Lab  
  67  8:47  Supply Depot  
  67  8:49  Marine x2  
  67  8:54  Marauder  
  71  8:56  Bunker  
  71  9:07  Marine x2  
  73  9:10  Supply Depot  
  73  9:15  Marauder  
  73  9:36  Marauder  
  75  9:43  Supply Depot  
  75  9:55  Bunker  
  75  9:57  Terran Infantry Weapons Level 1  
  75  10:05  Starport Reactor, Starport  
  75  10:07  Viking x2  
  79  10:19  Fusion Core, Terran Vehicle Weapons Level 1  
  79  10:34  Supply Depot  
  79  10:37  Viking x2  
  79  10:42  Viking  
  85  10:58  Starport Tech Lab  
  85  10:59  Supply Depot  
  85  11:07  Viking x2  
  89  11:22  Supply Depot  
  89  11:29  Starport  
  89  11:36  Battlecruiser  
  89  11:37  Viking x2, Battlecruiser  
  89  11:38  Viking  
  107  11:51  Terran Infantry Armor Level 1  
  107  12:13  Terran Ship Weapons Level 1  
  79  13:07  Battlecruiser  
  79  13:08  Battlecruiser  
  79  13:12  Viking  
  53  14:09  Command Center  
  53  14:11  Battlecruiser  
  53  14:12  Battlecruiser  
Show
View Real Time Build Order
Export as new Build Order

Tiranus Terran 

Build Orders: Mech 

Get SALT Encoding   

  12  0:01  SCV  
  14  0:14  SCV  
  14  0:26  SCV  
  15  0:32  Supply Depot  
  15  0:53  SCV  
  16  0:58  Barracks  
  16  1:15  SCV  
  17  1:31  SCV  
  18  1:39  Refinery  
  18  1:43  Refinery  
  18  1:44  SCV  
  19  1:47  Marine  
  20  1:55  Supply Depot  
  20  1:56  SCV  
  21  2:02  Engineering Bay  
  21  2:06  Marine  
  22  2:12  SCV  
  23  2:25  SCV  
  23  2:27  Marine  
  25  2:37  Factory  
  25  2:40  Supply Depot  
  25  2:46  SCV  
  25  2:50  Marine  
  27  2:54  Terran Infantry Weapons Level 1  
  27  2:58  SCV  
  28  3:04  Supply Depot  
  28  3:11  SCV  
  29  3:29  Command Center  
  29  3:38  Factory, Factory Tech Lab  
  29  3:49  Factory  
  29  3:53  Orbital Command  
  29  4:34  Marine  
  30  4:42  Refinery  
  30  4:47  Factory, Factory Tech Lab  
  30  5:08  Command Center, Refinery  
  30  5:14  SCV  
  31  5:26  SCV  
  32  5:32  Marine  
  33  5:38  SCV  
  33  5:39  Factory Tech Lab  
  33  5:40  Factory Tech Lab  
  34  5:43  Siege Tank  
  34  5:45  Siege Tank  
  39  5:50  SCV  
  38  6:02  SCV  
  36  6:15  SCV  
  37  6:22  Refinery  
  37  6:27  SCV  
  38  6:39  SCV  
  39  6:47  Refinery  
  39  6:51  SCV  
  40  6:55  Barracks  
  41  7:01  SCV  
  41  7:07  SCV  
  42  7:19  SCV x2  
  44  7:31  SCV x2  
  46  7:43  SCV x2  
  48  7:45  Factory  
  48  7:53  Factory  
  48  7:55  SCV x2  
  48  7:58  Supply Depot  
  50  8:08  SCV  
  51  8:25  Ghost Academy  
  51  8:37  SCV  
  50  8:49  SCV  
  51  8:55  Armory  
  51  9:01  SCV  
  51  9:13  SCV  
  51  9:25  SCV  
  51  9:28  Factory Tech Lab x2  
  52  9:42  SCV  
  52  9:43  Armory  
  53  9:54  SCV  
  53  9:57  SCV  
  55  10:02  Thor  
  55  10:03  Thor x2  
  55  10:06  SCV  
  74  10:09  SCV  
  75  10:15  Supply Depot  
  75  10:19  SCV  
  77  10:21  SCV  
  77  10:31  Armory  
  77  10:36  Thor, SCV x2  
  77  10:38  Supply Depot, Terran Vehicle Weapons Level 1  
  77  10:40  Terran Vehicle And Ship Armor Level 1  
  85  10:59  Thor, Terran Infantry Armor Level 1, SCV x2  
  85  11:01  Supply Depot  
  93  11:22  Thor  
  93  11:23  SCV  
  93  11:24  Supply Depot  
  100  11:29  SCV  
  101  11:45  Thor, SCV  
  108  11:47  Supply Depot  
  108  11:58  SCV  
  109  12:08  Thor  
  109  12:09  Supply Depot  
  109  12:10  SCV  
  112  12:32  Supply Depot  
  84  12:53  Terran Infantry Weapons Level 2  
  59  13:26  Thor  
  59  13:27  Thor x4  
  62  14:09  Thor x2  
  60  14:10  Thor  
Tags
 
Add a new tag
Caveats
  • Supply blocks, unpowered buildings, or Contaminate may cause inaccurate times.
  • Supply counts are checked every 10 seconds.